cohdb
Replays
Latest Replays
All Replays
Popular Replays
Top Player Replays
Match Explorer
How It Works
Community
CoH3 Stats
Reddit
Sign in to upload your games and track your stats! →
Sign in with Steam
Match 45734278
Unlisted
Match 45734278
Overview
Messages
Build Orders
End
Construct Barracks
Selects Heavy Weapons
Riflemen Squad
Riflemen Squad
M1 Mortar Team
Construct Weapon Support Center
M1919 Machine Gun Team
Riflemen Squad
Construct Medical Station
Air Support Center
Air Support Center
Grenade Package
Selects M2HB .50cal Heavy Machine Gun
Double Sortie
Advanced Air Reconnaissance
Bazooka Squad
Grasshopper High-Altitude Recon Run
P-47 Dive Bomb
Engineer Squad
Grasshopper High-Altitude Recon Run
P-47 Strafing Run
P-47 Dive Bomb
M1 Mortar Team
Construct Tank Depot
Bazooka Squad
Grasshopper High-Altitude Recon Run
P-47 Dive Bomb
M4A1 Sherman Medium Tank
Engineer Squad
AI Takeover
Don Pitudo
Nadzinator
DoubleThinker
Crimson_Reaper
Dr. CoH
michelin2_0
0
0
Comments
sign in to comment!
No comments posted yet!